 Dungeon Crawl Stone Soup version 0.16-a0-328-gfd822c7 (webtiles) character file.

1563 Ratboiler the Martial Artist (level 8, -7/45 (48) HPs)
             Began as an Octopode Transmuter on Sept 6, 2014.
             Mangled by an ice beast (9 damage)
             ... on Level 5 of the Dungeon.
             The game lasted 00:22:00 (8042 turns).

Ratboiler the Martial Artist (Octopode Transmuter)  Turns: 8042, Time: 00:22:01

HP  -7/45 (48)   AC  1     Str 14      XL: 8   Next: 89%
MP   3/13        EV 20     Int 16      God:
Gold 325         SH  0     Dex 19      Spells:  4 memorised,  0 levels left

rFire  . . .     SeeInvis .       - Unarmed
rCold  . . .     Clarity  .     (no shield)
rNeg   + . .     rCorr    .     (helmet restricted)
rPois  .         rRot     .     (no amulet)
rElec  .         Spirit   .     g - ring of positive energy
SustAb .         Warding  .     (no ring)
rMut   .         Stasis   .     (no ring)
Gourm  .                        (no ring)
MR     .....                    (no ring)
                                (no ring)
                                (no ring)
                                (no ring)

@: mighty, agile, about to teleport, slightly contaminated, glowing, not
resistant to hostile enchantments, unstealthy
A: almost no armour, amphibious, 8 rings, constrict 8, camouflage 1, gelatinous
body 1
a: no special abilities


You were on level 5 of the Dungeon.
You were hungry.

You visited 1 branch of the dungeon, and saw 5 of its levels.

You collected 325 gold pieces.

Inventory:

Hand weapons
 b - a +0 blowgun
Missiles
 j - 29 poisoned needles
 x - 8 arrows
Comestibles
 a - 2 bread rations
 i - a royal jelly
 k - a rotting chunk of hound flesh
 m - 4 fruits
 n - a beef jerky
 q - 3 slices of pizza
 s - a meat ration
 B - a chunk of giant gecko flesh
Scrolls
 c - a scroll of teleportation
 e - 2 scrolls of identify {unknown}
 f - 4 scrolls of recharging
 h - 2 scrolls of fear {unknown}
 l - a scroll of random uselessness {unknown}
 o - a scroll of enchant armour {unknown}
 p - 2 scrolls of remove curse {unknown}
 v - a scroll of enchant weapon {unknown}
 y - 2 scrolls of immolation {unknown}
 A - 2 scrolls of blinking {unknown}
Jewellery
 g - a ring of positive energy (left tentacle)
Potions
 u - a potion of poison
 w - a potion of restore abilities
Books
 d - a book of Changes

   Spells                             Type                      Level
   *Beastly Appendage                 Transmutation                1
   *Sticks to Snakes                  Transmutation                2
   *Spider Form                       Transmutation/Poison         3
   Ice Form                           Ice/Transmutation            4
   *Blade Hands                       Transmutation                5


   Skills:
 - Level 1.0 Fighting
 * Level 4.0 Dodging
 - Level 10.0 Unarmed Combat
 - Level 2.0 Spellcasting
 * Level 4.0 Transmutations


You couldn't memorise any spells.
You knew the following spells:

 Your Spells              Type           Power        Failure   Level  Hunger
a - Beastly Appendage     Trmt           ##....       4%          1    #......
b - Sticks to Snakes      Trmt           ##........   8%          2    ###....
c - Spider Form           Trmt/Pois      #.........   28%         3    ####...
d - Blade Hands           Trmt           ##........   91%         5    ######.


Dungeon Overview and Level Annotations

Branches:
Dungeon (5/15)
 Temple: D:4-7

Altars:

Shops:
D:4 [


Innate Abilities, Weirdness & Mutations

You cannot wear most types of armour.
You are amphibious.
You can wear up to eight rings at the same time.
You can use your tentacles to constrict many enemies at once.
Your skin changes colour to match your surroundings (Stealth).
Your rubbery body absorbs attacks (AC +1).


Message History

You miscast Blade Hands.
You are confused.
The ice beast hits you. The ice beast freezes you!
Drink which item? (? for menu, Esc to quit)
You feel very mighty all of a sudden.
It was a potion of might.
The ice beast hits you. The ice beast freezes you!
* * * LOW HITPOINT WARNING * * *
Drink which item? (? for menu, Esc to quit)
You feel agile all of a sudden.
It was a potion of agility.
The ice beast hits you.
* * * LOW HITPOINT WARNING * * *
The ice beast freezes you!
* * * LOW HITPOINT WARNING * * *
You feel less confused.
Read which item? (? for menu, Esc to quit)
As you read the scroll of teleportation, it crumbles to dust.
You feel strangely unstable. The ice beast hits you.
* * * LOW HITPOINT WARNING * * *
The ice beast freezes you!
You die...

...#.......###.####......##.###
####.##.##.# #. ###.##.#.#...##
#.......# #. #...)..#......#
#.##....# #.##.#.####.....##
#.#####.# #......####..#.##
#.#####.# #............###
#.......# ##.....#####.####
#######.# #.....# #......# #.#
#.@Y..# #......# ####.# #######
#.#Y#..# #....# #.#.#..# #.####
#.#.#..# ####.#########
#.#.#..# #............#
#......# #.##.#..###..#
###.#### # #.#..###..# ######.#
#......#(.####)))Y..#


You could see an ice beast.

Vanquished Creatures
  The ghost of MRaven the Vexing, an average SpEn (D:4)
  2 phantoms (D:5)
  2 ogres (D:4)
  5 wights (D:4)
  An iguana (D:5)
  3 orc priests (D:5)
  2 hounds
  3 orc wizards
  6 worker ants (D:4)
  A sky beast zombie (D:5)
  A hound skeleton (D:4)
  7 gnolls
  8 adders
  2 giant mites
  A shadow imp (D:5)
  4 worms
  2 giant geckos
  2 oozes
  21 orcs
  13 bats
  A bat skeleton (D:3)
  4 giant cockroaches
  17 hobgoblins
  12 jackals
  3 quokkas
  5 giant newts
  12 goblins
  A hobgoblin zombie (D:3)
  11 kobolds
  10 rats
163 creatures vanquished.

Vanquished Creatures (collateral kills)
  An ogre (D:4)
1 creature vanquished.

Grand Total: 164 creatures vanquished

Notes
Turn   | Place    | Note
--------------------------------------------------------------
     0 | D:1      | Ratboiler, the Octopode Transmuter, began the quest for the Orb.
     0 | D:1      | Reached XP level 1. HP: 13/13 MP: 3/3
   421 | D:1      | Reached XP level 2. HP: 16/18 MP: 4/4
   871 | D:1      | Reached skill level 4 in Unarmed Combat
   885 | D:1      | Reached XP level 3. HP: 19/23 MP: 6/6
   889 | D:1      | Learned a level 2 spell: Sticks to Snakes
   893 | D:1      | Learned a level 3 spell: Spider Form
  2045 | D:2      | Reached XP level 4. HP: 24/28 MP: 5/7
  2227 | D:2      | Reached skill level 5 in Unarmed Combat
  2817 | D:3      | Reached XP level 5. HP: 23/33 MP: 5/9
  4028 | D:3      | Reached skill level 6 in Unarmed Combat
  4609 | D:4      | Reached XP level 6. HP: 38/38 MP: 10/10
  4857 | D:4      | Found Otistrit's Armour Shop.
  5146 | D:4      | Noticed MRaven's ghost (average SpEn)
  5177 | D:4      | Reached skill level 7 in Unarmed Combat
  5541 | D:4      | Reached XP level 7. HP: 43/43 MP: 8/12
  5548 | D:4      | Reached skill level 8 in Unarmed Combat
  6049 | D:4      | Killed MRaven's ghost
  6049 | D:4      | Reached skill level 9 in Unarmed Combat
  6461 | D:4      | Reached XP level 8. HP: 36/45 MP: 9/13
  6473 | D:4      | Noticed an ogre
  6475 | D:4      | Learned a level 5 spell: Blade Hands
  6498 | D:4      | Killed an ogre
  6535 | D:4      | Noticed an ogre
  6552 | D:4      | Killed an ogre
  6638 | D:4      | Reached skill level 10 in Unarmed Combat
  7100 | D:5      | Entered Level 5 of the Dungeon
  8042 | D:5      | HP: 2/45 [ice beast (3)]
  8042 | D:5      | Mangled by an ice beast

Action                   |  1- 3 |  4- 6 |  7- 9 || total
-------------------------+-------+-------+-------++-------
Melee: Unarmed           |   100 |   161 |   163 ||   424
 Fire: Blowgun           |       |    30 |    12 ||    42
 Cast: Beastly Appendage |    13 |    15 |    13 ||    41
       Spider Form       |       |     8 |     7 ||    15
       Sticks to Snakes  |       |     4 |       ||     4
  Use: Scroll            |       |     2 |     1 ||     3
       Potion            |       |       |     9 ||     9
 Stab: Sleeping          |       |    14 |     2 ||    16
  Eat: Chunk             |     4 |    12 |     6 ||    22
       Bread ration      |       |       |     1 ||     1
